MLB
HOUSTON ASTROS @ CHICAGO WHITE SOX
03/21/2099
 
TOP OF THE 1ST
Houston Astros batting - Pitching for Chicago White Sox : LHP Curtis Moore
Pitching: LHP Curtis Moore
Batting: RHB Erik Ellsworth 0-0: Called Strike
0-1: Ball
1-1: Foul Ball, location: 25FF
1-2: Ball
2-2: Foul Ball, location: 5FF
2-2: Strikes out swinging
Batting: LHB Zack Baize 0-0: Ball
1-0: Ball
2-0: Ball
3-0: Ground out U3 (Groundball, 3L, EV 98.8 MPH)
Batting: RHB Jeff Cinnamon 0-0: Called Strike
0-1: Swinging Strike
0-2: Ball
1-2: Ground out 6-3 (Groundball, 56, EV 88.1 MPH)
Top of the 1st over - 0 runs, 0 hits, 0 errors, 0 left on base; Houston 0 - Chicago 0
BOTTOM OF THE 1ST
Chicago White Sox batting - Pitching for Houston Astros : RHP Jon Daugherty
Pitching: RHP Jon Daugherty
Batting: RHB Luis Marquina 0-0: Ball
1-0: Called Strike
1-1: Ball
2-1: Swinging Strike
2-2: Foul Ball, location: 3F
2-2: Ball
3-2: Foul Ball, location: 2LF
3-2: Foul Ball, location: 23F
3-2: SOLO HOME RUN (Flyball, 7D, EV 108.8 MPH), Distance : 396 ft
Batting: LHB Tim Eaton 0-0: Ball
1-0: Fly out, F8 (Flyball, 8LM, EV 99.4 MPH)
Batting: LHB Dan Roos 0-0: Called Strike
0-1: Called Strike
0-2: Ball
1-2: Foul Ball, location: 25F
1-2: Foul Ball, location: 2F
1-2: Ball
2-2: DOUBLE (Line Drive, 9LS, EV 108.1 MPH)
Batting: LHB Josh Densmore 0-0: Ball
Wild Pitch!
Dan Roos to third
1-0: Swinging Strike
1-1: Foul Ball, location: 7LSF
1-2: Ball
2-2: SINGLE (Line Drive, 78S, EV 87.5 MPH)
Dan Roos scores
Batting: LHB Billy Stanley 0-0: Ball
Josh Densmore steals 2nd base
1-0: Ball
2-0: 2-RUN HOME RUN (Flyball, 9D, EV 98.8 MPH), Distance : 408 ft
Batting: RHB Cory Gilmore 0-0: Called Strike
0-1: Ball
1-1: Swinging Strike
1-2: SINGLE (Line Drive, 9LM, EV 95.0 MPH)
Batting: LHB Kenny Helm 0-0: Fielders Choice at 2nd, 4-6 (Groundball, 4, EV 87.5 MPH)
Batting: RHB Jose Delgado 0-0: Fielders Choice at 2nd, 6-4 (Groundball, 56, EV 81.9 MPH)
Bottom of the 1st over - 4 runs, 5 hits, 0 errors, 1 left on base; Houston 0 - Chicago 4
TOP OF THE 2ND
Houston Astros batting - Pitching for Chicago White Sox : LHP Curtis Moore
Batting: LHB Alex Perez 0-0: Called Strike
0-1: Swinging Strike
0-2: Ball
1-2: Ball
2-2: Strikes out swinging
Batting: RHB Miguel Santillano 0-0: Fly out, F7 (Flyball, 7S, EV 98.1 MPH)
Batting: RHB Travis Braga 0-0: Foul Ball, location: 7LSF
0-1: Swinging Strike
0-2: Ball
1-2: Strikes out swinging
Top of the 2nd over - 0 runs, 0 hits, 0 errors, 0 left on base; Houston 0 - Chicago 4
BOTTOM OF THE 2ND
Chicago White Sox batting - Pitching for Houston Astros : RHP Jon Daugherty
Batting: RHB Vinny Figueroa 0-0: Ground out 1-3 (Groundball, 15S, EV 71.3 MPH)
Batting: RHB Luis Marquina 0-0: Foul Ball, location: 9LMF
0-1: DOUBLE (Line Drive, 3D, EV 106.9 MPH)
Batting: LHB Tim Eaton 0-0: Called Strike
0-1: Foul Ball, location: 23FF
0-2: Strikes out looking
Batting: LHB Dan Roos 0-0: Called Strike
0-1: Foul Ball, location: 3FF
0-2: Strikes out swinging
Bottom of the 2nd over - 0 runs, 1 hit, 0 errors, 1 left on base; Houston 0 - Chicago 4
TOP OF THE 3RD
Houston Astros batting - Pitching for Chicago White Sox : LHP Curtis Moore
Batting: RHB Frank Kelsay 0-0: Called Strike
0-1: Ball
1-1: Foul Ball, location: 2F
1-2: Foul Ball, location: 2F
1-2: Strikes out swinging
Batting: RHB Del Bannerman 0-0: Ball
1-0: Ball
2-0: Called Strike
2-1: Called Strike
2-2: Strikes out looking
Batting: RHB Manchu Hu 0-0: Ball
1-0: Ball
2-0: Ball
3-0: Base on Balls
Batting: RHB Erik Ellsworth 0-0: Ball
1-0: Called Strike
1-1: Ball
2-1: Called Strike
2-2: Strikes out swinging
Top of the 3rd over - 0 runs, 0 hits, 0 errors, 1 left on base; Houston 0 - Chicago 4
BOTTOM OF THE 3RD
Chicago White Sox batting - Pitching for Houston Astros : RHP Jon Daugherty
Batting: LHB Josh Densmore 0-0: Called Strike
0-1: Ball
1-1: Ball
2-1: SOLO HOME RUN (Flyball, 9D, EV 100.6 MPH), Distance : 382 ft
Batting: LHB Billy Stanley 0-0: Swinging Strike
0-1: Ball
1-1: SINGLE (Line Drive, 5D, EV 100.0 MPH)
Batting: RHB Cory Gilmore 0-0: Ball
1-0: Called Strike
1-1: Ball
2-1: Called Strike
2-2: Foul Ball, location: 2F
2-2: Foul Ball, location: 3F
2-2: Strikes out swinging
Pitching: LHP Wiley Hill
Batting: LHB Kenny Helm 0-0: Foul Ball, location: 5SF
0-1: Ball
1-1: Swinging Strike
1-2: Fly out, F6 (Popup, 6, EV 54.4 MPH)
Batting: RHB Jose Delgado 0-0: Ball
1-0: Foul Ball, location: 23FF
1-1: Ball
2-1: Ball
3-1: Base on Balls
Billy Stanley to second
Batting: RHB Vinny Figueroa 0-0: Called Strike
0-1: Foul Ball, location: 3F
0-2: Ball
1-2: Strikes out swinging
Bottom of the 3rd over - 1 run, 2 hits, 0 errors, 2 left on base; Houston 0 - Chicago 5
TOP OF THE 4TH
Houston Astros batting - Pitching for Chicago White Sox : LHP Curtis Moore
Batting: LHB Zack Baize 0-0: Foul Ball, location: 2F
0-1: Ball
1-1: Ball
2-1: Called Strike
2-2: Ball
3-2: Ground out 6-3 (Groundball, 6MD, EV 98.1 MPH)
Batting: RHB Jeff Cinnamon 0-0: Foul Ball, location: 2F
0-1: SINGLE (Groundball, 6MD, EV 97.5 MPH)
Pitching: RHP Victor Peden
Batting: LHB Alex Perez 0-0: Ball
1-0: Fly out, F6 (Popup, 56, EV 60.6 MPH)
Batting: RHB Miguel Santillano 0-0: Foul Ball, location: 5F
0-1: Fly out, F9 (Line Drive, 9D, EV 106.3 MPH)
Top of the 4th over - 0 runs, 1 hit, 0 errors, 1 left on base; Houston 0 - Chicago 5
BOTTOM OF THE 4TH
Chicago White Sox batting - Pitching for Houston Astros : LHP Wiley Hill
Batting: RHB Luis Marquina 0-0: Called Strike
0-1: Swinging Strike
0-2: Strikes out swinging
Pinch Hitting: LHB Tyler Fauver 0-0: Ball
1-0: Ball
2-0: Ball
3-0: Called Strike
3-1: SOLO HOME RUN (Flyball, 7LD, EV 97.5 MPH), Distance : 365 ft
Batting: RHB Joey Aimone 0-0: Swinging Strike
0-1: Swinging Strike
0-2: Strikes out swinging
Pinch Hitting: RHB Won-ho Nham 0-0: Swinging Strike
0-1: Called Strike
0-2: Strikes out swinging
Bottom of the 4th over - 1 run, 1 hit, 0 errors, 0 left on base; Houston 0 - Chicago 6
TOP OF THE 5TH
Houston Astros batting - Pitching for Chicago White Sox : RHP Victor Peden
Pitching: RHP Tony Gomez
Now at 1B: D.J. Horrigan
Now at 2B: Chris Hodges
Now at 3B: Won-ho Nham
Now at SS: Joe Schoeffler
Now in RF: Tyler Fauver
Batting: RHB Travis Braga 0-0: Ball
1-0: Ball
2-0: Called Strike
2-1: Fly out, F4 (Popup, 3S, EV 80.6 MPH)
Batting: RHB Frank Kelsay 0-0: Called Strike
0-1: Ball
1-1: Ball
2-1: Ball
3-1: Base on Balls
Batting: RHB Del Bannerman 0-0: Foul Ball, location: 5F
0-1: Foul Ball, location: 9LDF
0-2: Strikes out swinging
Batting: RHB Manchu Hu 0-0: Ball
1-0: Foul Ball, location: 2F
1-1: Ball
2-1: Ball
3-1: Base on Balls
Frank Kelsay to second
Batting: RHB Erik Ellsworth 0-0: Called Strike
0-1: Ball
1-1: Called Strike
1-2: Strikes out swinging
Top of the 5th over - 0 runs, 0 hits, 0 errors, 2 left on base; Houston 0 - Chicago 6
BOTTOM OF THE 5TH
Chicago White Sox batting - Pitching for Houston Astros : LHP Wiley Hill
Pitching: RHP John Morseth
Now at 1B: Matt Carocci
Now at 3B: Justin Haug
Now at SS: Chase Bavaro
Now in LF: Bret Payne
Batting: LHB D.J. Horrigan 0-0: Ball
1-0: Foul Ball, location: 2F
1-1: Foul Ball, location: 7LDF
1-2: Foul Ball, location: 2F
1-2: Fly out, F8 (Line Drive, 8RM, EV 90.6 MPH)
Batting: RHB Cory Gilmore 0-0: Ball
1-0: Ball
2-0: Called Strike
2-1: Foul Ball, location: 23F
2-2: Ball
3-2: Foul Ball, location: 25F
3-2: Strikes out swinging
Batting: LHB Kenny Helm 0-0: Ball
1-0: Ground out 6-3 (Groundball, 6, EV 83.1 MPH)
Bottom of the 5th over - 0 runs, 0 hits, 0 errors, 0 left on base; Houston 0 - Chicago 6
TOP OF THE 6TH
Houston Astros batting - Pitching for Chicago White Sox : RHP Tony Gomez
Now at C: Mark Clardy
Now in CF: Milt Gomez
Batting: RHB Matt Carocci 0-0: SOLO HOME RUN (Flyball, 7D, EV 107.5 MPH), Distance : 407 ft
Pinch Hitting: LHB Bobby Johnson 0-0: Ball
1-0: Ball
2-0: Foul Ball, location: 7LMF
2-1: Ground out 6-3 (Groundball, 6, EV 83.8 MPH)
Batting: RHB Bret Payne 0-0: Called Strike
0-1: Foul Ball, location: 2F
0-2: Foul Ball, location: 2F
0-2: Foul Ball, location: 2F
0-2: Ball
1-2: Foul Ball, location: 7LSF
1-2: Ball
2-2: Ball
3-2: Foul Ball, location: 5F
3-2: Strikes out looking
Pitching: RHP Dan Rutledge
Pinch Hitting: LHB Steve Kuhlman 0-0: Ball
1-0: Swinging Strike
1-1: Swinging Strike
1-2: Ground out 4-3 (Groundball, 4, EV 83.8 MPH)
Top of the 6th over - 1 run, 1 hit, 0 errors, 0 left on base; Houston 1 - Chicago 6
BOTTOM OF THE 6TH
Chicago White Sox batting - Pitching for Houston Astros : RHP John Morseth
Pitching: RHP Josh Ferrier
Now at C: Michael Harrison
Now in LF: Steve Kuhlman
Now in CF: Bret Payne
Now in RF: Bobby Johnson
Batting: RHB Chris Hodges 0-0: Ball
1-0: Swinging Strike
1-1: Called Strike
1-2: Ball
2-2: Ball
3-2: Foul Ball, location: 9LDF
3-2: Foul Ball, location: 9LMF
3-2: Foul Ball, location: 9LMF
3-2: Foul Ball, location: 2F
3-2: SINGLE (Groundball, 6M, EV 103.1 MPH) (infield hit)
Batting: RHB Joe Schoeffler 0-0: Fly out, F9 (Flyball, 9S, EV 90.6 MPH)
Pinch Hitting: LHB Frank Mumm 0-0: Grounds into double play, 1-6-3 (Groundball, 13S, EV 72.5 MPH)
Bottom of the 6th over - 0 runs, 1 hit, 0 errors, 0 left on base; Houston 1 - Chicago 6
TOP OF THE 7TH
Houston Astros batting - Pitching for Chicago White Sox : RHP Dan Rutledge
Pitching: LHP Carlos Castro
Now in LF: Frank Mumm
Batting: RHB Jeremy Allen 0-0: Fly out, F8 (Flyball, 8RM, EV 85.0 MPH)
Batting: RHB Justin Haug 0-0: Ball
1-0: Called Strike
1-1: Called Strike
1-2: Ground out 5-3 (Groundball, 56, EV 92.5 MPH)
Batting: RHB Del Bannerman 0-0: Ball
1-0: Ball
2-0: Ball
3-0: Called Strike
3-1: Base on Balls
Batting: RHB Michael Harrison 0-0: Foul Ball, location: 3F
0-1: Ball
1-1: Foul Ball, location: 2F
1-2: Foul Ball, location: 3F
1-2: Foul Ball, location: 2F
1-2: Ball
2-2: Ball
3-2: Strikes out swinging
Top of the 7th over - 0 runs, 0 hits, 0 errors, 1 left on base; Houston 1 - Chicago 6
BOTTOM OF THE 7TH
Chicago White Sox batting - Pitching for Houston Astros : RHP Josh Ferrier
Batting: LHB Tyler Fauver 0-0: Ball
1-0: Ball
2-0: Called Strike
2-1: Ball
3-1: Foul Ball, location: 7LDF
3-2: Foul Ball, location: 2F
3-2: Base on Balls
Batting: RHB Joey Aimone 0-0: Called Strike
0-1: Fly out, F4 (Popup, 4S, EV 65.0 MPH)
Batting: RHB Won-ho Nham 0-0: Ball
1-0: Ball
2-0: Grounds into double play, 6-4-3 (Groundball, 6, EV 85.0 MPH)
Bottom of the 7th over - 0 runs, 0 hits, 0 errors, 0 left on base; Houston 1 - Chicago 6
TOP OF THE 8TH
Houston Astros batting - Pitching for Chicago White Sox : LHP Carlos Castro
Pitching: RHP Matthew Emerson
Batting: RHB Chase Bavaro 0-0: Called Strike
0-1: Called Strike
0-2: Strikes out looking
Pinch Hitting: LHB Eddy Miramontes 0-0: Foul Ball, location: 2LF
0-1: Swinging Strike
0-2: DOUBLE (Line Drive, 7LD, EV 103.8 MPH)
Batting: LHB Bobby Johnson 0-0: Ball
1-0: Ball
2-0: Foul Ball, location: 25F
2-1: Foul Ball, location: 7LDF
2-2: Foul Ball, location: 7LSF
2-2: Ball
3-2: Strikes out swinging
Batting: RHB Bret Payne 0-0: Ball
1-0: Called Strike
Balk!
Eddy Miramontes to third
1-1: SINGLE (Line Drive, 89S, EV 103.8 MPH)
Eddy Miramontes scores
Batting: LHB Steve Kuhlman 0-0: Foul Ball, location: 25F
0-1: Ball
Wild Pitch!
Bret Payne to second
1-1: Ball
2-1: Called Strike
2-2: Fly out, F4 (Popup, 13, EV 78.1 MPH)
Top of the 8th over - 1 run, 2 hits, 0 errors, 1 left on base; Houston 2 - Chicago 6
BOTTOM OF THE 8TH
Chicago White Sox batting - Pitching for Houston Astros : RHP Josh Ferrier
Pitching: RHP Vince Geiger
Now at 1B: Eddy Miramontes
Batting: LHB D.J. Horrigan 0-0: Ball
1-0: Foul Ball, location: 9LMF
1-1: Foul Ball, location: 5SF
1-2: Strikes out swinging, 2-3 out at first.
Batting: SHB Milt Gomez 0-0: Reached on error, E4 (Groundball, 4, EV 82.5 MPH)
Batting: RHB Mark Clardy 0-0: Ball
1-0: Ball
2-0: Called Strike
2-1: Swinging Strike
2-2: Grounds into double play, 6-4-3 (Groundball, 6, EV 101.9 MPH)
Bottom of the 8th over - 0 runs, 0 hits, 1 error, 0 left on base; Houston 2 - Chicago 6
TOP OF THE 9TH
Houston Astros batting - Pitching for Chicago White Sox : RHP Matthew Emerson
Pitching: LHP Jonathan Obrochta
Batting: RHB Jeremy Allen 0-0: Ball
1-0: Swinging Strike
1-1: Foul Ball, location: 9LMF
1-2: Strikes out swinging
Batting: RHB Justin Haug 0-0: Ball
1-0: Foul Ball, location: 5FF
1-1: Ball
2-1: Ball
3-1: Swinging Strike
3-2: Foul Ball, location: 7LSF
3-2: Strikes out looking
Batting: RHB Del Bannerman 0-0: Ball
1-0: Fly out, F7 (Line Drive, 7, EV 96.9 MPH)
Top of the 9th over - 0 runs, 0 hits, 0 errors, 0 left on base; Houston 2 - Chicago 6
Wednesday, May 1st , 2024 - OOTP Baseball 24.11 Build 85